 Dungeon Crawl Stone Soup version 0.29.0-11-gd7f09526c8 (webtiles) character file.

Game seed: 1790378243137858993

3320 Drevant2 the Spear-Bearer (level 10, -5/79 HPs)
             Began as a Merfolk Gladiator on Sept 3, 2022.
             Was a Believer of Okawaru.
             Slain by a troll (9 damage)
             ... on level 9 of the Dungeon.
             The game lasted 00:23:34 (12699 turns).

Drevant2 the Spear-Bearer (Merfolk Gladiator)      Turns: 12699, Time: 00:23:34

Health: -5/79      AC:  4    Str: 14    XL:     10   Next: 2%
Magic:  10/10      EV: 17    Int:  9    God:    Okawaru [**....]
Gold:   89         SH:  0    Dex: 19    Spells: 9/9 levels left

rFire   . . .      SeeInvis .   v - +0 bardiche
rCold   . . .      Faith    .   (shield currently unavailable)
rNeg    . . .      Spirit   .   b - +0 leather armour
rPois   .          Reflect  .   c - +0 helmet
rElec   .          Harm     .   (no cloak)
rCorr   .          Rampage  .   (no gloves)
Will    .....                   (no boots)
Stlth   +.........              (no amulet)
HPRegen 0.23/turn               (no ring)
MPRegen 0.12/turn               (no ring)

@: about to teleport
A: (nimble swimmer 2), mertail
a: Renounce Religion, Heroism


You were on level 9 of the Dungeon.
You worshipped Okawaru.
Okawaru was pleased with you.
You visited 2 branches of the dungeon, and saw 10 of its levels.

You collected 305 gold pieces.
You spent 216 gold pieces at shops.

Inventory:

Hand Weapons
 a - a +0 trident
 f - a +0 short sword of holy wrath
 v - a +0 bardiche (weapon)
Armour
 b - a +0 leather armour (worn)
 c - a +0 helmet (worn)
 r - a +2 scale mail of cold resistance
 A - a +0 hat
Jewellery
 l - an amulet of faith
 C - a ring of protection from fire
Wands
 s - a wand of polymorph (2)
 y - a wand of iceblast (5)
Scrolls
 g - 2 scrolls of immolation {unknown}
 h - a scroll of vulnerability
 i - a scroll of magic mapping
 m - 3 scrolls of enchant armour
 n - a scroll of teleportation
 q - 2 scrolls of poison
 w - a scroll of identify
 B - a scroll of noise {unknown}
Potions
 d - a potion of lignification {unknown}
 j - a potion of resistance
 k - 2 potions of brilliance
 o - 2 potions of flight {unknown}
 p - 2 potions of curing
 t - 2 potions of magic {unknown}
 u - a potion of attraction {unknown}
 x - a potion of ambrosia {unknown}
 z - 2 potions of mutation {unknown}


   Skills:
 - Level 7.1 Fighting
 + Level 13.9 Polearms
 - Level 2.0 Throwing
 - Level 9.5 Dodging
 * Level 0.7 Invocations


You had 9 spell levels left.
You didn't know any spells.
Your spell library contained the following spells:

 Spells                   Type           Power      Damage    Failure   Level
 Freeze                   Ice            0%         1d3       45%         1
 Frozen Ramparts          Ice            0%         1d1       83%         3
 Portal Projectile        Hex/Tloc       0%         N/A       83%         3
 Hailstorm                Conj/Ice       0%         3d3       99%         4
 Leda's Liquefaction      Hex/Erth       0%         N/A       99%         4
 Alistair's Intoxication  Tmut/Pois      0%         N/A       100%        5
 Borgnjor's Vile Clutch   Necr/Erth      0%         N/A       100%        5
 Eringya's Noxious Bog    Tmut/Pois      0%         N/A       100%        6
 Summon Small Mammal      Summ           Unusable   N/A       N/A         1
 Call Canine Familiar     Summ           Unusable   N/A       N/A         3
 Summon Guardian Golem    Hex/Summ       Unusable   N/A       N/A         3

Dungeon Overview and Level Annotations

Branches:
Dungeon (9/15)             Temple (1/1) D:6
   Lair: D:8-11         Orc: D:9-12

Altars:
Ashenzari
Cheibriados
Dithmenos
Elyvilon
Fedhas
Gozag
Hepliaklqana
Kikubaaqudgha
Makhleb
Nemelex Xobeh
Okawaru
Qazlal
Ru
Sif Muna
Uskayaw
Vehumet
Wu Jian
Xom
Yredelemnul
Zin
The Shining One

Shops:
D:2 *   D:7 :

Annotations:
D:4 Dowan
D:7 3 runed translucent doors, Mandevil's ghost, novice HuHu; Quickbrownfox's ghost, novice DsIE


Innate Abilities, Weirdness & Mutations

((You are very nimble when in or above water. (Stealth+, EV+, Speed+++)))
Your lower body shifts to a powerful aquatic tail in water.


Message History

You reach to attack!
You barely miss the troll.
The troll is lightly wounded.
You hit the troll.
The troll is moderately wounded.
The troll misses you. The troll closely misses you.
The troll claws you but does no damage.
You closely miss the troll.
The troll is moderately wounded.
The troll misses you. The troll claws you! The troll claws you.
The troll completely misses you. The troll claws you!
The troll closely misses you.
You barely miss the troll.
The troll is lightly wounded.
The troll closely misses you. x2; The troll claws you!
You slash the troll!
The troll is moderately wounded.
The troll misses you. The troll barely misses you. x2
You hit the troll.
The troll is heavily wounded.
The troll closely misses you. The troll misses you.
The troll claws you but does no damage.
You closely miss the troll.
The troll is heavily wounded.
The troll bites you. The troll barely misses you. The troll misses you.
You slash the troll!
The troll is almost dead.
The troll misses you. x2; The troll closely misses you.
The troll completely misses you. The troll claws you! x2
You are too injured to fight recklessly!
You are too injured to fight recklessly!
Okay, then.
As you read the scroll of teleportation, it crumbles to dust.
You feel strangely unstable. The troll bites you!
* * * LOW HITPOINT WARNING * * *
The troll claws you!
* * * LOW HITPOINT WARNING * * *
The troll closely misses you. The troll bites you but does no damage.
The troll misses you. The troll claws you!
You die...

..........#....#.......
..............#.......
..............#.....#.
.#..........#.....#.
#.....#....#.....#
#.....#....#.....#
#.....#....# ..
#.....#....#...
#.@............
#.T.....(......
#######........
#.T.......####
#.........#
#......>....
#.............
######........
.........


You could see a troll.

Vanquished Creatures
  Grinder (D:4)
  Prince Ribbit (D:7)
  Sigmund (D:4)
  A wyvern (D:8)
  A vampire mosquito (D:8)
  A water moccasin (D:7)
  A sky beast (D:5)
  An orc warrior (D:6)
  2 black bears
  2 ogres
  A centaur (D:6)
  2 kobold brigands (D:7)
  A phantom (D:7)
  4 scorpions
  2 bullfrogs
  4 wights
  A killer bee (D:9)
  A howler monkey (D:6)
  3 hounds
  4 jellies
  5 orc priests
  An iguana (D:3)
  6 orc wizards
  Terence (D:2)
  Robin (D:2)
  5 gnolls (D:5)
  7 adders
  5 white imps
  An ufetubus (D:5)
  3 worms (D:2)
  4 dart slugs
  37 orcs
  9 endoplasms
  5 giant cockroaches
  11 goblins
  10 hobgoblins
  3 jackals
  3 quokkas
  9 ball pythons
  5 bats
  17 kobolds
  8 rats
191 creatures vanquished.

Vanquished Creatures (others)
  A fungus (D:9)
  12 plants
  8 withered plants
21 creatures vanquished.

Grand Total: 212 creatures vanquished

Notes
Turn   | Place    | Note
-------+----------+-------------------------------------------
     0 | D:1      | Drevant2 the Merfolk Gladiator began the quest for the Orb.
     0 | D:1      | Reached XP level 1. HP: 16/16 MP: 1/1
     2 | D:1      | Noticed an electric eel
    45 | D:1      | Reached XP level 2. HP: 15/22 MP: 2/2
   189 | D:1      | Reached skill level 5 in Polearms
   537 | D:1      | Noticed a great orb of eyes
   539 | D:1      | Found a faded altar of an unknown god.
   541 | D:1      | Noticed an eye of devastation
   547 | D:1      | Noticed an eye of devastation
   596 | D:1      | Noticed a golden eye
   715 | D:2      | Reached XP level 3. HP: 27/27 MP: 3/3
  1106 | D:2      | Reached skill level 6 in Polearms
  1240 | D:2      | Noticed Terence
  1243 | D:2      | Found Beudwif's General Store.
  1250 | D:2      | Reached XP level 4. HP: 16/33 MP: 4/4
  1255 | D:2      | Killed Terence
  1256 | D:2      | Reached skill level 7 in Polearms
  1413 | D:2      | Bought a potion of heal wounds for 60 gold pieces
  1545 | D:2      | Noticed Robin
  1552 | D:2      | Reached XP level 5. HP: 32/38 MP: 5/5
  1564 | D:2      | Killed Robin
  2308 | D:3      | Reached skill level 8 in Polearms
  2391 | D:3      | Identified the +4 short sword of Furoeneg {vorpal, rC-
                  | Str+6}
  2728 | D:3      | Reached XP level 6. HP: 44/44 MP: 6/6
  2852 | D:3      | Found a glowing silver altar of Zin.
  2998 | D:2      | Bought a scroll of teleportation for 36 gold pieces
  3140 | D:4      | Reached skill level 9 in Polearms
  3273 | D:4      | Noticed Sigmund
  4123 | D:4      | Noticed Dowan
  4143 | D:5      | Entered Level 5 of the Dungeon
  4186 | D:5      | Noticed a sky beast
  4236 | D:5      | Reached skill level 10 in Polearms
  4236 | D:5      | Reached XP level 7. HP: 33/50 MP: 7/7
  5154 | D:5      | Reached skill level 5 in Dodging
  5863 | D:5      | Reached XP level 8. HP: 55/56 MP: 8/8
  6501 | D:4      | Killed Sigmund
  6502 | D:4      | Reached skill level 11 in Polearms
  6731 | D:4      | Noticed Grinder
  7015 | D:4      | Found a hazy altar of Hepliaklqana.
  7255 | D:6      | Found a radiant altar of Vehumet.
  7358 | D:6      | Found an opulent altar of Gozag.
  7452 | D:6      | Found a shimmering blue altar of Sif Muna.
  7523 | D:6      | Found a staircase to the Ecumenical Temple.
  7533 | Temple   | Entered the Ecumenical Temple
  7575 | Temple   | Became a worshipper of Warmaster Okawaru
  8204 | D:6      | Reached XP level 9. HP: 22/64 MP: 9/9
  8523 | D:7      | Reached skill level 12 in Polearms
  8673 | D:7      | Found a runed translucent gate.
  8673 | D:7      | Found a runed translucent gate.
  8673 | D:7      | Found a runed translucent gate.
  8673 | D:7      | Noticed Quickbrownfox's ghost (novice DsIE)
  8674 | D:7      | Noticed Mandevil's ghost (novice HuHu)
  8698 | D:7      | Found Cuid's Book Shop.
  8775 | D:7      | Found a sparkling altar of Nemelex Xobeh.
  9043 | D:7      | Noticed Prince Ribbit
  9061 | D:7      | Killed Prince Ribbit
  9061 | D:7      | Reached * piety under Okawaru
  9785 | D:2      | Bought a potion of haste for 120 gold pieces
  9875 | D:4      | Found a sacrificial altar of Ru.
 10167 | D:4      | Killed Grinder
 10168 | D:4      | Reached skill level 5 in Fighting
 10634 | D:8      | Reached skill level 13 in Polearms
 10642 | D:8      | HP: 2/61 [wight/+4 dagger of freezing (4)]
 11868 | D:8      | Reached ** piety under Okawaru
 12308 | D:8      | Reached XP level 10. HP: 67/79 MP: 10/10
 12553 | D:9      | Found an ancient bone altar of Kikubaaqudgha.
 12699 | D:9      | Slain by a troll

Illustrated notes

Levels and vault maps discovered:
D:1:      arrival_aquarium_a, layout_rooms,
          hellmonk_ecumenical_altar_watching_god
D:2:      layout_loops_cross, serial_shops, nicolae_shop_crystal, uniq_robin,
          uniq_terence
D:3:      minmay_spotlight, layout_basic, zin_statuary
D:4:      layout_loops_corners, nicolae_hepliaklqana_hazy_memory,
          general_overflow_altar, uniq_sigmund, uniq_grinder, uniq_duvessa
D:5:      minmay_razor_zed, layout_basic
D:6:      nicolae_whirlpool, layout_loops_cross, vehumet_crystals,
          mainiacjoe_overflow_chevrons, lemuel_round_altar,
          minmay_temple_entry_ruins
D:7:      layout_loops_ring, lemuel_tele_altar, gammafunk_ghost_cemetery,
          serial_shops, shop, lightli_minifort, uniq_prince_ribbit1
D:8:      layout_rooms, small_chamber_with_monster,
          ebering_dispersal_statue_hall
D:9:      layout_grid_maze, kiku_gazebo_garden_becter, minmay_lair_entry_grove,
          hangedman_decor_peaks_small
Temple:   nicolae_temple_ecumenical_triangle

Skill      XL: |  1  2  3  4  5  6  7  8  9 |
---------------+----------------------------+-----
Polearms       | 5 6 7 8 10 11 13 | 13.9
Dodging        | 7 9 |  9.5
Fighting       | 3 7 |  7.1
Throwing       | |  2.0
Invocations    | |  0.7

Action                   |  1- 3 |  4- 6 |  7- 9 | 10-12 || total
-------------------------+-------+-------+-------+-------++-------
Melee: Trident           |    94 |   200 |    70 |       ||   364
       Punch             |       |     4 |     1 |       ||     5
       Bardiche          |       |       |   304 |    18 ||   322
       Unarmed           |       |       |     2 |       ||     2
Throw: Throwing net      |     1 |     5 |     4 |       ||    10
       Javelin           |       |     1 |     5 |     1 ||     7
  Use: Scroll            |       |     6 |     3 |     3 ||    12
       Potion            |       |     1 |     8 |     1 ||    10
 Stab: Held in net/web   |       |     3 |     1 |       ||     4
       Sleeping          |       |     3 |       |       ||     3
Armor: Leather armour    |    24 |    26 |    49 |     7 ||   106
       Skin              |       |       |     3 |       ||     3
Dodge: Dodged            |    64 |    87 |   268 |    60 ||   479
